AoeStats
← [NICE_ASS] BigMasi

African Clearing

505719029Analyzed
4v4 RM · 22d ago on Sep 10, 2026· 69m 18s· 8 players
Game mode
Random Map
Map size
Large (8 player)
Population
200
Speed
Normal
Resources
Standard
Victory
Conquest
Starting age
Dark Age
Ending age
Imperial Age
RankedLock teamsTeams togetherTeam positionsShared explorationLock speedFull tech treeHidden civsTurbo modeCheats
Victory
Defeat
🇺🇸 Franks · United States
1288
+15
🇬🇧 Koreans · United Kingdom
1287
+15
🇨🇭 Wu · Switzerland
1278
+15
🇲🇽 Magyars · Mexico
1276
+15
🇸🇮 Burmese · Slovenia
1299
-16
🇩🇪 Lithuanians · Germany
1258
-15
🇬🇧 Vikings · United Kingdom
1248
-15
🇬🇧 Goths · United Kingdom
1243
-14
Niccals_
9:26 Loom
12:27 Feudal Age
13:11 Double-Bit Axe
13:26 Gold Mining
14:25 Fletching
28:18 Castle Age
28:24 Crossbowman
29:00 Bodkin Arrow
29:20 Padded Archer Armor
36:26 Imperial Age
38:00 Arbalester
41:30 Bracer
41:46 Leather Archer Armor
41:56 Ballistics
50:34 Chemistry
51:59 Wheelbarrow
51:36 Bow Saw
51:07 Horse Collar
52:03 Gold Shaft Mining
51:19 Stone Mining
52:16 Ring Archer Armor
53:34 Hand Cart
56:05 Town Watch
56:03 Treadmill Crane
56:34 Masonry
56:20 Murder Holes
58:24 Town Patrol
58:47 Conscription
57:52 Elite Magyar Huszar
58:43 Corvinian Army
60:32 Husbandry
60:43 Bloodlines
60:40 Scale Barding Armor
62:03 Coinage
61:36 Caravan
65:14 Chain Barding Armor
68:02 Plate Barding Armor
67:34 Thumb Ring
69:25 Recurve Bow
cjds
8:02 Loom
8:08 Loom
11:32 Feudal Age
12:03 Double-Bit Axe
18:50 Castle Age
18:21 Fletching
19:47 Bodkin Arrow
41:05 Padded Archer Armor
45:47 Wheelbarrow
46:20 Bow Saw
52:04 Hand Cart
51:34 Town Watch
61:06 Imperial Age
59:20 Scale Barding Armor
60:00 Forging
60:57 Chain Barding Armor
62:05 Iron Casting
61:17 Capped Ram
61:41 Capped Ram
61:50 Cavalier
64:10 Gold Mining
67:49 Plate Barding Armor
Milhouse Van Houten
3:11 Loom
14:03 Feudal Age
18:14 Castle Age
16:23 Stone Mining
17:26 Double-Bit Axe
17:22 Horse Collar
21:17 Fletching
29:57 Scale Mail Armor
30:30 Bodkin Arrow
31:37 Forging
39:31 Gold Mining
40:23 Squires
44:14 Chain Mail Armor
48:51 Imperial Age
48:51 Arson
51:28 Plate Mail Armor
65:44 Town Watch
[NICE_ASS] BigMasi
14:23 Feudal Age
12:44 Loom
14:30 Feudal Age
16:29 Double-Bit Axe
19:00 Castle Age
17:06 Horse Collar
18:48 Arson
20:30 Wheelbarrow
20:41 Bow Saw
21:03 Scale Mail Armor
22:35 Chain Mail Armor
23:40 Forging
24:20 Squires
28:11 Stone Mining
29:48 Fletching
30:48 Heavy Plow
30:57 Bodkin Arrow
31:39 Gold Mining
32:53 Padded Archer Armor
33:22 Ballistics
38:10 Red Cliffs Tactics
38:41 Hand Cart
38:11 Town Watch
42:16 Imperial Age
40:53 Leather Archer Armor
41:27 Hand Cart
40:58 Town Watch
43:51 Bracer
44:53 Chemistry
44:33 Conscription
43:54 Elite Fire Archer
46:45 Man-at-Arms
47:36 Long Swordsman
48:52 Plate Mail Armor
48:58 Iron Casting
48:21 Two-Handed Swordsman
52:52 Pikeman
53:24 Halberdier
56:26 Blast Furnace
54:49 Champion
64:50 Masonry
64:46 Murder Holes
68:16 Gold Shaft Mining
68:16 Stone Shaft Mining
Gareth Southgate
11:02 Loom
14:37 Feudal Age
16:07 Wheelbarrow
19:21 Castle Age
17:40 Double-Bit Axe
17:49 Stone Mining
23:27 Forging
23:54 Gold Mining
25:01 Squires
26:04 Bow Saw
27:37 Horse Collar
29:03 Scale Mail Armor
29:59 Chain Mail Armor
30:55 Iron Casting
30:52 Heavy Plow
33:34 Hand Cart
40:21 Imperial Age
41:17 Stone Shaft Mining
43:09 Blast Furnace
43:03 Conscription
43:45 Elite Huskarl
50:46 Anarchy
50:47 Perfusion
11VillagerIdle
3:31 Loom
17:10 Feudal Age
19:27 Fletching
30:37 Castle Age
29:35 Padded Archer Armor
29:41 Stone Mining
32:13 Bodkin Arrow
44:07 Horse Collar
45:44 Double-Bit Axe
46:47 Bow Saw
52:36 Town Watch
55:44 Imperial Age
55:20 Gold Mining
55:33 Heavy Plow
54:55 Crossbowman
57:51 Conscription
59:23 Hoardings
59:30 Leather Archer Armor
58:43 Arbalester
59:31 Guard Tower
59:52 Masonry
60:57 Bracer
61:59 Ring Archer Armor
64:24 Elite Skirmisher
Doris
9:47 Loom
16:37 Feudal Age
18:02 Stone Mining
20:16 Castle Age
19:24 Town Watch
20:15 Wheelbarrow
24:17 Fletching
38:29 Imperial Age
38:03 Hand Cart
39:39 Bodkin Arrow
39:49 Double-Bit Axe
46:24 Scale Barding Armor
48:41 Forging
49:17 Chain Barding Armor
51:26 Plate Barding Armor
51:44 Husbandry
51:54 Bloodlines
52:50 Bow Saw
55:00 Horse Collar
56:25 Two-Man Saw
58:22 Tower Shields
60:24 Light Cavalry
61:34 Winged Hussar
63:29 Iron Casting
66:43 Heavy Plow
67:01 Gold Mining
67:46 Stone Shaft Mining
68:38 Crop Rotation
disco_lama
12:02 Loom
13:49 Feudal Age
17:49 Castle Age
16:08 Stone Mining
20:53 Fletching
21:20 Gold Mining
23:53 Padded Archer Armor
26:17 Bodkin Arrow
30:11 Wheelbarrow
31:42 Hand Cart
32:52 Bloodlines
36:13 Town Watch
38:20 Town Patrol
42:04 Imperial Age
40:45 Elite Skirmisher
44:34 Chemistry
44:27 Horse Collar
44:54 Bracer
47:03 Ballistics
46:53 Masonry
47:15 Elite Battle Elephant
47:56 Husbandry
48:18 Scale Barding Armor
52:12 Chain Barding Armor
52:04 Forging
54:17 Gold Shaft Mining
54:37 Conscription
58:53 Howdah
67:20 Plate Barding Armor
67:22 Iron Casting
68:08 Heavy Plow
Connection lost

Rejoining the realm…

Still unreachable

The connection could not be restored.

Session expired

The server has moved on; the page needs a fresh start.